 Dungeon Crawl Stone Soup version 0.31.0-11-ge490571c62 (webtiles) character file.

Game seed: 10813390231010212399

239 Skitler the Trooper (level 6, -8/40 HPs)
             Began as a Gargoyle Fighter on Jan 30, 2024.
             Was an Initiate of Gozag.
             Splashed by a jelly's acid (9 damage)
             ... on level 4 of the Dungeon.
             The game lasted 00:06:05 (2644 turns).

Skitler the Trooper (Gargoyle Fighter)              Turns: 2644, Time: 00:06:06

Health: -8/40      AC:  3    Str: 22    XL:     6   Next: 7%
Magic:  6/6        EV:  9    Int:  8    God:    Gozag
Gold:   154        SH:  4    Dex:  9    Spells: 5/5 levels left

rFire   . . .        x - +2 whip (pain)
rCold   . . .        c - +0 buckler
rNeg    + . .        b - +0 scale mail
rPois   ∞            (no helmet)
rElec   +            (no cloak)
rCorr   .            (no gloves)
SInv    .            (no boots)
Will    +....        (no amulet) Stlth
                     g - ring of flight
HPRegen 0.26/turn    v - ring of willpower
MPRegen 0.10/turn

%: no passive effects
@: mighty, corroded, flying
A: sickness immunity, AC +4, negative energy resistance 1, electricity
resistance, torment resistance 1, petrification resistance
a: Renounce Religion, Potion Petition, Call Merchant, Bribe Branch


You were on level 4 of the Dungeon.
You worshipped Gozag.
Gozag was aware of your devotion.
You visited 2 branches of the dungeon, and saw 5 of its levels.

You collected 204 gold pieces.
You paid 50 gold pieces to Gozag.

Inventory:

Hand Weapons
 a - a +0 flail
 x - a +2 whip of pain (weapon)
 y - a +0 orcbow
Armour
 b - a +0 scale mail (worn)
 c - a +0 buckler (worn)
Jewellery
 f - a ring of fire
 g - a ring of flight (left hand)
 i - a ring of wizardry
 t - a ring of protection from cold
 v - a ring of willpower (right hand)
 w - a ring of resist corrosion
Scrolls
 e - a scroll of fog {unknown}
 h - 2 scrolls of blinking {unknown}
 j - a scroll of acquirement {unknown}
 l - a scroll of immolation {unknown}
 o - 3 scrolls of identify {unknown}
 s - a scroll of revelation {unknown}
 u - a scroll of teleportation {unknown}
Potions
 k - a potion of heal wounds {unknown}
 m - a potion of attraction {unknown}
 n - a potion of degeneration {unknown}
 p - a potion of enlightenment {unknown}
 q - 3 potions of lignification {unknown}
 r - a potion of mutation {unknown}
 z - a potion of curing {unknown}


   Skills:
 * Level 5.0 Fighting
 * Level 1.7 Long Blades
 - Level 2.4 Maces & Flails
 - Level 3.4 Armour
 - Level 1.0 Dodging
 * Level 4.9 Shields


You had 5 spell levels left.
You didn't know any spells.
Your spell library contained the following spells:

 Spells                   Type           Power      Damage    Failure   Level
 Kiss of Death            Conj/Necr      0%         2d5       80%         1
 Confusing Touch          Hex            0%         N/A       99%         3
 Dispel Undead            Necr           0%         3d6       100%        4


Dungeon Overview and Level Annotations

Branches:
Dungeon (4/15)             Temple (1/1) D:4

Altars:
Ashenzari
Cheibriados
Dithmenos
Elyvilon
Fedhas
Gozag
Hepliaklqana
Qazlal
Trog
Xom
Zin
The Shining One

Shops:
D:2 (


Innate Abilities, Weirdness & Mutations

You are immune to sickness and miasma.
Your stone body is resilient. (AC +4)
You are immune to poison.
You resist negative energy. (rN+)
You are resistant to electric shocks. (rElec)
You are resistant to unholy torment.
You are immune to petrification.


Message History

You block the ball python's attack. The ball python constricts you.
You hit the ball python.
You kill the ball python!
No target in view!
No target in view!
No target in view!
HP restored.
You now have 137 gold pieces (gained 5).
You now have 143 gold pieces (gained 6).
z - a fuming puce potion
Found a rapier.
You see here a +0 rapier.
Found a plate armour.
You now have 154 gold pieces (gained 11).
You reach down and open the door.
A jelly comes into view.
The jelly quivers.
Found a runed helmet.
You block the jelly's attack.
There is an open door here.
You hit the jelly.
Your hands burn!
The jelly is lightly wounded.
The jelly hits you. The acid corrodes you!
You are splashed with acid!
You hit the jelly.
Your hands burn!
The jelly is moderately wounded.
The jelly hits you. The acid corrodes you!
You are splashed with acid!
The jelly attacks as it pursues you! The jelly hits you.
You are splashed with acid!
* * * LOW HITPOINT WARNING * * *
Okay, then.
Okay, then.
You feel very mighty all of a sudden. The jelly barely misses you.
You hit the jelly.
Your hands burn!
* * * LOW HITPOINT WARNING * * *
The jelly is heavily wounded.
The jelly hits you.
* * * LOW HITPOINT WARNING * * *
You are splashed with acid!
You die...
Your body crumbles into a pile of gold.

#####.## #.# #.#
######.# #.#
#......# ##+#
#.###### #...# #.#
.....# #.###
......# #.#.##
.......###....####
[......J@.......[.^
.......####...#.###
......# ##.## #
.....# ## #...#
##+#


You could see a jelly.

Vanquished Creatures
  A scorpion (D:4)
  An orc priest (D:3)
  A hound (D:4)
  4 adders
  3 dart slugs
  12 orcs
  8 endoplasms
  5 giant cockroaches
  3 goblins
  5 hobgoblins
  3 quokkas
  5 ball pythons
  A bat (D:1)
  3 frilled lizards (D:1)
  9 kobolds
  3 rats
67 creatures vanquished.

Notes
Turn   | Place    | Note
-------+----------+-------------------------------------------
     0 | D:1      | Skitler the Gargoyle Fighter began the quest for the Orb.
     0 | D:1      | Reached XP level 1. HP: 14/14 MP: 1/1
   278 | D:1      | Reached XP level 2. HP: 19/19 MP: 2/2
   521 | D:1      | Found a faded altar of an unknown god.
   635 | D:1      | Reached XP level 3. HP: 24/24 MP: 3/3
   808 | D:2      | Found Hiunwyuf's Weapon Shop.
  1151 | D:2      | Reached skill level 4 in Fighting
  1151 | D:2      | Reached XP level 4. HP: 26/29 MP: 4/4
  1550 | D:3      | Reached skill level 1 in Long Blades
  1655 | D:3      | Reached skill level 1 in Dodging
  1675 | D:3      | Reached XP level 5. HP: 33/33 MP: 5/5
  2196 | D:4      | Reached XP level 6. HP: 39/40 MP: 6/6
  2218 | D:4      | Reached skill level 5 in Fighting
  2408 | D:4      | Found a staircase to the Ecumenical Temple.
  2423 | Temple   | Entered the Ecumenical Temple
  2450 | Temple   | Became a worshipper of Gozag Ym Sagoz the Greedy
  2506 | D:4      | Found a stormy altar of Qazlal.
  2644 | D:4      | HP: 1/40 [jelly (2)]
  2644 | D:4      | Splashed by a jelly's acid

Illustrated notes

Levels and vault maps discovered:
D:1:      lemuel_arrival_cross, layout_basic,
          shapermc_ecumenical_altar_mp_vishouse
D:2:      layout_basic, serial_shops, nicolae_shop_crystal, corner_web_ring
D:3:      layout_basic
D:4:      layout_loops_corners, old_standard_altar, minmay_temple_entry_mist,
          amethyst_killhole
Temple:   grunt_temple_mini_profane

Skill      XL: |  1  2  3  4  5  6 |
---------------+-------------------+-----
Fighting       | 4 5 |  5.0
Shields        | 4 |  4.9
Long Blades    | 1 |  1.7
Dodging        | 1 |  1.0
Maces & Flails | |  2.4
Armour         | |  3.4

Action                     |  1- 3 |  4- 6 || total
---------------------------+-------+-------++-------
  Melee: Flail             |   115 |    32 ||   147
         Whip              |       |    97 ||    97
    Use: Potion            |       |     1 ||     1
 Armour: Scale mail        |    68 |    71 ||   139
  Dodge: Dodged            |    64 |    46 ||   110
  Block: Buckler           |    38 |    31 ||    69
